 Dungeon Crawl Stone Soup version 0.19.5 (webtiles) character file.

122 Reinor the Sneak (level 4, 0/30 HPs)
             Began as a Vampire Enchanter on Mar 25, 2017.
             Slain by a jackal (1 damage)
             ... on level 2 of the Dungeon.
             The game lasted 00:09:09 (2194 turns).

Reinor the Sneak (Vampire Enchanter)                Turns: 2194, Time: 00:09:10

Health: 0/30       AC:  3    Str:  7    XL:     4   Next: 78%
Magic:  1/7        EV: 12    Int: 18    God:
Gold:   74         SH:  0    Dex: 14    Spells: 3 memorised, 1 level left

rFire  . . .     SeeInvis +     a - +1 dagger
rCold  + . .     Gourm    .     b - +1 robe
rNeg   + + .     Faith    .     (no shield)
rPois  +         Spirit   .     (no helmet)
rElec  .         Reflect  .     (no cloak)
rCorr  .         Harm     .     (no gloves)
MR     .....                    (no boots)
Stlth  ++++......               (no amulet)
                                (no ring)
                                (no ring)

@: about to teleport, regenerating slowly
A: fangs 3, see invisible, unbreathing
a: Bat Form


You were on level 2 of the Dungeon.
You were thirsty.

You visited 1 branch of the dungeon, and saw 2 of its levels.

You collected 74 gold pieces.

Inventory:

Hand Weapons
 a - a +1 dagger (weapon)
Missiles
 f - 38 stones (quivered)
 i - 8 poisoned needles
Armour
 b - a +1 robe (worn)
Scrolls
 e - a scroll of teleportation
 m - a scroll of remove curse {unknown}
 n - a scroll of amnesia {unknown}
Potions
 d - 12 potions of blood
 g - a potion of agility {unknown}
 h - a potion of mutation {unknown}
 j - a potion of lignification {unknown}
 k - a potion of might
 l - a potion of flight {unknown}
Books
 c - a book of Maledictions

   Spells                             Type                      Level
   a - Corona                         Hexes                        1
   b - Ensorcelled Hibernation        Hexes/Ice                    2
   c - Confuse                        Hexes                        3
   d - Tukima's Dance                 Hexes                        3
   e - Dazzling Spray                 Conjuration/Hexes            3


   Skills:
 - Level 3.6 Short Blades
 - Level 2.1 Dodging
 - Level 6.8 Stealth
 + Level 2.0 Spellcasting
 + Level 4.4 Hexes


You had one spell level left.
You knew the following spells:

 Your Spells              Type           Power        Failure   Level  Hunger
a - Corona                Hex            ###....      3%          1    #......
b - Ensorcelled Hibernat  Hex/Ice        #.....       12%         2    ###....
c - Confuse               Hex            ###.....     12%         3    ###....


Dungeon Overview and Level Annotations

Branches:
Dungeon (2/15)

Altars:

Annotations:
D:2 Crazy Yiuf, Jessica


Innate Abilities, Weirdness & Mutations

You heal slowly.
You have razor-sharp teeth.
You have supernaturally acute eyesight. (SInv)
You can survive without breathing.


Message History

The jackal bites you but does no damage.
The jackal barely misses you.
Things that are here:
a dagger; a goblin corpse Unknown command.
As you read the scroll of teleportation, it crumbles to dust.
You feel strangely unstable. The jackal completely misses you. x2
Crazy Yiuf closely misses you.
You hit the jackal.
The jackal is moderately wounded.
The jackal closely misses you. The jackal bites you.
* * * LOW HITPOINT WARNING * * *
Crazy Yiuf says, "Fire!
Cards pontify infinity."
Crazy Yiuf barely misses you.
You hit the jackal.
The jackal is heavily wounded.
The jackal bites you.
* * * LOW HITPOINT WARNING * * *
The jackal closely misses you. The jackal bites you.
You die...

♣♣P#..§..@...# ♣♣#######...#
#...# #...# ##### #...# ###
#...# #...###.# ### #.# #...#
#...@...# ..# ##.#
##...#####.###g# #.# ...
#....)......h@.# #.# #.#
###.#.#..#..h### #.# #.#####
#.........<.# #.# #.....#
#.#.......#.# #.####.#.#.#
#.#.......#.#####...........
..........#.......##.....#.#
...###.....###########.##.#.#
..#. #........(........##.#.#
# #......#.###.#########.#


You could see Crazy Yiuf and 2 jackals.

Vanquished Creatures
  A crimson imp (D:2)
  An adder (D:2)
  4 gnolls
  3 oozes
  A ball python (D:2)
  2 giant cockroaches
  3 goblins
  4 hobgoblins
  A quokka (D:2)
  5 bats
  A frilled lizard (D:1)
  6 kobolds
  6 rats
  A fungus (D:2)
39 creatures vanquished.

Notes
Turn   | Place    | Note
-------+----------+-------------------------------------------
     0 | D:1      | Reinor the Vampire Enchanter began the quest for the Orb.
     0 | D:1      | Reached XP level 1. HP: 13/13 MP: 3/3
   234 | D:1      | Reached XP level 2. HP: 19/19 MP: 5/5
   331 | D:1      | Reached skill level 5 in Stealth
  1095 | D:2      | Reached XP level 3. HP: 21/24 MP: 4/6
  1099 | D:2      | Learned a level 2 spell: Ensorcelled Hibernation
  1103 | D:2      | Learned a level 3 spell: Confuse
  1438 | D:2      | Reached skill level 6 in Stealth
  1521 | D:2      | Reached XP level 4. HP: 10/30 MP: 1/7
  2152 | D:2      | Found a runed door.
  2156 | D:2      | Noticed Crazy Yiuf
  2156 | D:2      | Noticed Jessica
  2194 | D:2      | HP: 1/30 [jackal (1)]
  2194 | D:2      | Slain by a jackal

Skill      XL: |  1  2  3 |
---------------+----------+-----
Stealth        | 5 6 |  6.8
Short Blades   | 2 3 |  3.6
Dodging        | |  2.1
Spellcasting   | |  2.0
Hexes          | |  4.4

Action                   |  1- 3 |  4- 6 || total
-------------------------+-------+-------++-------
Melee: Dagger            |   113 |    56 ||   169
       Bite              |     8 |     6 ||    14
 Cast: Corona            |     1 |       ||     1
       Ensorcelled Hiber |     3 |     3 ||     6
       Confuse           |     2 |     5 ||     7
  Use: Scroll            |     4 |     1 ||     5
       Potion            |     3 |     2 ||     5
 Stab: Sleeping          |    10 |     2 ||    12
Armor: Robe              |    37 |     8 ||    45
Dodge: Dodged            |    72 |    30 ||   102
